 Dungeon Crawl Stone Soup version 0.17-a0-725-gfa8c127 (webtiles) character file.

163 karlm the Conjurer (level 5, -2/42 HPs)
             Began as a Naga Wizard on Apr 20, 2015.
             Slain by an ogre
             ... wielding a +0 giant club
              (25 damage)
             ... on level 4 of the Dungeon.
             The game lasted 00:13:19 (4613 turns).

karlm the Conjurer (Naga Wizard)                    Turns: 4613, Time: 00:13:19

Health: -2/42      AC:  2    Str:  9    XL:     5   Next: 44%
Magic:  1/9        EV:  9    Int: 20    God:
Gold:   194        SH:  0    Dex:  9    Spells: 4 memorised, 2 levels left

rFire  + . .     SeeInvis +     u - +0 trident
rCold  x . .     Clarity  .     a - +0 robe
rNeg   . . .     SustAb   .     (no shield)
rPois  +         Gourm    .     b - +0 hat
rElec  .         Spirit   .     (no cloak)
rCorr  .         Warding  .     (no gloves)
rMut   .         Stasis   .     (no barding)
MR     .....                    (no amulet)
Stlth  ++........               (no ring)
                                m - ring of fire

@: very slow, not resistant to hostile enchantments, unstealthy
A: see invisible, deformed body, poison resistance, slowness 2, slow metabolism
1, spit poison 2, AC +1
a: Spit Poison


You were on level 4 of the Dungeon.
You were hungry.

You visited 1 branch of the dungeon, and saw 4 of its levels.

You collected 194 gold pieces.

Inventory:

Hand weapons
 u - a +0 trident (weapon)
Missiles
 g - 84 stones (quivered)
 q - 34 poisoned needles
 z - 7 needles of slowing
Armour
 a - a +0 robe (worn)
 b - a +0 hat (worn)
Jewellery
 m - a ring of fire (left hand)
Scrolls
 e - a scroll of fear {unknown}
 h - a scroll of blinking
 t - a scroll of enchant weapon {unknown}
 y - a scroll of noise {unknown}
Potions
 f - a potion of poison {unknown}
 i - 2 potions of haste {unknown}
 k - a potion of agility {unknown}
 l - 6 potions of curing {unknown}
 p - a potion of lignification {unknown}
 r - a potion of berserk rage {unknown}
 s - a potion of might {unknown}
 v - a potion of brilliance {unknown}
 x - a potion of degeneration {unknown}
Books
 c - a book of Minor Magic

   Spells                             Type                      Level
   a - Magic Dart                     Conjuration                  1
   b - Blink                          Translocation                2
   c - Call Imp                       Summoning                    2
   d - Repel Missiles                 Charms/Air                   2
   e - Slow                           Hexes                        2
   f - Conjure Flame                  Conjuration/Fire             3
   g - Mephitic Cloud                 Conjuration/Poison/Air       3
Comestibles
 d - 4 bread rations
 j - 3 fruits
 n - a meat ration
 o - a royal jelly
 w - a chunk of flesh


   Skills:
 - Level 1.5 Dodging
 - Level 3.2 Stealth
 - Level 3.0 Spellcasting
 + Level 3.7 Conjurations
 - Level 1.0 Summonings
 - Level 1.0 Translocations
 * Level 3.1 Fire Magic


You had 2 spell levels left.
You knew the following spells:

 Your Spells              Type           Power        Failure   Level  Hunger
a - Magic Dart            Conj           ###.         3%          1    None
b - Call Imp              Summ           #.......     17%         2    ##.....
c - Blink                 Tloc           N/A          17%         2    ##.....
d - Conjure Flame         Conj/Fire      ####....     12%         3    ###....


Dungeon Overview and Level Annotations

Branches:
Dungeon (4/15)
 Temple: D:4-7

Altars:
Ashenzari
Makhleb
Qazlal
Xom


Innate Abilities, Weirdness & Mutations

You cannot wear boots.
Your serpentine skin is tough (AC +1).
You have supernaturally acute eyesight.
Armour fits poorly on your strangely shaped body.
Your system is resistant to poisons.
You cover ground very slowly.
You have a slow metabolism.
You can spit poison.


Message History

The ogre is moderately wounded.
Your crimson imp blinks!
The ogre barely misses you.
Your crimson imp blinks!
You closely miss the ogre.
The ogre is moderately wounded.
Your crimson imp disappears in a puff of smoke!
The ogre hits you with a giant club!
You barely miss the ogre.
The ogre is moderately wounded.
The ogre hits you with a giant club.
You hit the ogre.
The ogre is severely wounded.
The ogre barely misses you.
You barely miss the ogre.
The ogre is severely wounded.
Your crimson imp disappears in a puff of smoke!
The ogre hits you with a giant club!!
Ouch! That really hurt!
You die...

#........#.#.#
#........# #..####'#.#
#.#......# #.........#
#.###..... #.........#
#.# #..... #.........#
#.# #..... #.........#
#.# #..... #.........#
#.# #.....
####...§O....# #.#
#..... .........@....#
#.# ######
##########...# #.# #
#...# #.# # ####+#...#
#.# .........# #.#
.........# .........<#
##### ..........#
......
.........#############


You could see an ogre.

Vanquished Creatures
  4 adders
  A worm (D:4)
  A giant gecko (D:3)
  2 orcs (D:2)
  A ball python (D:3)
  7 bats
  6 goblins
  6 hobgoblins
  2 jackals (D:2)
  10 kobolds
  2 giant cockroaches
  2 giant newts
  10 rats
54 creatures vanquished.

Vanquished Creatures (collateral kills)
  An orc priest (D:3)
  A worker ant (D:4)
  2 adders
  A worm (D:4)
  11 orcs
  A ball python (D:3)
  3 giant cockroaches
  3 goblins
  5 hobgoblins
  A bat (D:3)
  2 giant geckos
  A giant newt (D:1)
  3 kobolds
35 creatures vanquished.

Vanquished Creatures (others)
  A white imp (D:3)
1 creature vanquished.

Grand Total: 90 creatures vanquished

Notes
Turn   | Place    | Note
--------------------------------------------------------------
     0 | D:1      | karlm, the Naga Wizard, began the quest for the Orb.
     0 | D:1      | Reached XP level 1. HP: 15/15 MP: 4/4
   374 | D:1      | Reached XP level 2. HP: 22/22 MP: 6/6
   378 | D:1      | Learned a level 2 spell: Call Imp
   381 | D:1      | Learned a level 2 spell: Blink
  1207 | D:2      | Found a burning altar of Makhleb.
  1210 | D:2      | Found a shattered altar of Ashenzari.
  1214 | D:2      | Reached XP level 3. HP: 28/28 MP: 4/7
  1219 | D:2      | Learned a level 3 spell: Conjure Flame
  1237 | D:2      | Found a stormy altar of Qazlal.
  1711 | D:2      | Reached skill level 1 in Fire Magic
  1961 | D:2      | Found a shimmering altar of Xom.
  2124 | D:2      | HP: 1/28 [orc/dagger (3)]
  2350 | D:3      | Reached XP level 4. HP: 23/36 MP: 4/8
  3646 | D:3      | Reached XP level 5. HP: 42/42 MP: 3/9
  4598 | D:4      | Noticed an ogre
  4613 | D:4      | Slain by an ogre

Action                   |  1- 3 |  4- 6 || total
-------------------------+-------+-------++-------
Melee: Spear             |    32 |    16 ||    48
       Trident           |       |    24 ||    24
 Cast: Magic Dart        |    34 |    27 ||    61
       Call Imp          |    18 |    35 ||    53
       Blink             |       |     1 ||     1
 Abil: Spit Poison       |    15 |    11 ||    26
  Use: Scroll            |       |     6 ||     6
  Eat: Chunk             |     5 |     7 ||    12
